Map: Terminal stellaire EC (Void)

Players

BiiiiiiiiiiG - Winner!

  • Race: Terran Terran
  • League: Grandmaster

Bowlz

  • Race: Zerg Zerg
  • League: Master

VOD

Have the link to the VOD?

Description

Early 2 bases Push Helion marines medivac vs zerg

Time

  • Played on: Sept. 20, 2015, 3:10 p.m.
  • Length: 5:37
Show
View Real Time Build Order
Export as new Build Order

BiiiiiiiiiiG Terran - Winner!

Build Orders: Reaper Expand 

Get SALT Encoding   

  12  0:00  SCV  
  13  0:13  SCV  
  14  0:17  Supply Depot  
  14  0:25  SCV  
  15  0:39  SCV  
  15  0:40  Barracks  
  16  0:44  Refinery  
  16  0:51  SCV  
  17  1:03  SCV  
  18  1:15  SCV  
  19  1:27  Orbital Command  
  19  1:28  Reaper  
  20  1:39  Command Center  
  20  1:48  Barracks  
  20  1:55  SCV  
  21  2:02  Supply Depot, Barracks Reactor  
  21  2:07  SCV  
  22  2:19  SCV  
  23  2:31  SCV  
  24  2:43  SCV, Marine  
  26  2:45  Marine x2  
  26  2:47  Factory  
  28  2:55  SCV, Orbital Command  
  29  2:59  Supply Depot  
  29  3:01  Marine  
  30  3:08  SCV  
  31  3:19  Marine  
  32  3:20  SCV  
  32  3:21  SCV  
  32  3:25  Supply Depot  
  34  3:28  Marine  
  34  3:32  SCV  
  34  3:33  SCV  
  37  3:34  Armory  
  37  3:37  Marine  
  38  3:44  SCV  
  39  3:54  Hellion x2  
  39  3:55  Marine  
  44  3:59  SCV x2  
  46  4:06  Marine  
  47  4:11  SCV x2  
  47  4:12  Marine  
  47  4:16  Hellion x2  
  54  4:20  Command Center  
  54  4:22  Starport  
  54  4:23  SCV x2  
  56  4:24  Marine  
  56  4:30  Supply Depot  
  57  4:32  Marine  
  57  4:35  SCV  
  57  4:37  Hellion  
  61  4:42  Marine  
  62  4:46  Hellion  
  62  4:50  Marine  
  65  4:58  Hellion  
  67  5:00  Marine  
  68  5:08  Hellion, Marine  
  68  5:10  SCV x2  
  68  5:13  Barracks  
  73  5:15  Barracks x2  
Show
View Real Time Build Order
Export as new Build Order

Bowlz Zerg 

Build Orders: Hatch First 

Get SALT Encoding   

  12  0:01  Drone  
  13  0:08  Drone  
  14  0:17  Overlord  
  14  0:36  Drone x3  
  17  0:54  Hatchery  
  17  0:56  Drone  
  17  1:13  Spawning Pool  
  17  1:14  Drone  
  17  1:17  Drone  
  18  1:20  Drone  
  19  1:29  Drone  
  20  1:40  Drone, Extractor  
  20  1:55  Overlord  
  20  2:02  Queen  
  20  2:06  Queen  
  24  2:24  Zergling x6  
  24  2:27  Hatchery  
  25  2:45  Drone  
  26  2:54  Drone x2  
  26  2:57  Drone  
  29  3:08  Roach Warren  
  29  3:12  Drone  
  29  3:25  Overlord, Drone  
  29  3:26  Drone  
  31  3:38  Metabolic Boost  
  31  3:39  Drone x2  
  31  3:40  Drone  
  34  3:47  Drone  
  34  3:48  Drone x2  
  37  3:49  Drone  
  37  4:02  Drone  
  38  4:03  Drone x5  
  43  4:10  Queen  
  45  4:19  Drone x2  
  45  4:20  Drone x2  
  45  4:21  Overlord  
  49  4:29  Extractor x2  
  47  4:32  Lair  
  47  4:37  Roach  
  49  4:38  Overlord x2  
  49  4:44  Drone x2  
  49  4:45  Drone  
  52  4:48  Roach x2  
  53  4:56  Overlord  
  53  5:04  Roach x2  
  55  5:10  Zergling x8  
  55  5:11  Zergling x2  
Tags
 
Add a new tag
Caveats
  • Supply blocks, unpowered buildings, or Contaminate may cause inaccurate times.
  • Supply counts are checked every 10 seconds.